 Dungeon Crawl Stone Soup version 0.32-a0-913-g739538afd8 (webtiles) character file.

Game seed: 13779859421903302203

2438 kae the Mimic (level 9, -2/72 HPs)
             Began as a Demonspawn Shapeshifter on Apr 9, 2024.
             Was an Initiate of Ru.
             Slain by an orc warrior
             ... wielding a +0 dire flail
              (15 damage)
             ... on level 6 of the Dungeon.
             The game lasted 00:07:09 (4690 turns).

kae the Mimic (Demonspawn Shapeshifter)             Turns: 4690, Time: 00:07:09

Health: -2/72      AC: 12    Str: 14    XL:     9   Next: 25%
Magic:  9/9        EV: 11    Int: 11    God:    Ru [......]
Gold:   271        SH:  0    Dex: 17    Spells: 8/8 levels left

rFire   . .          .
                       - Unarmed
rCold   . . .        (no shield)
rNeg    . . .        a - melded +0 animal skin
rPois   .            (no helmet)
rElec   .            m - scarf {repulsion}
rCorr   .            (no gloves)
SInv    .            j - +2 pair of boots {Fly}
Will    .....        (no amulet)
Stlth   ++           (no ring)
HPRegen 0.32/turn    (no ring)
MPRegen 0.11/turn

%: repel missiles
@: lethally poisoned (-2 -> -3), maw-form, sanguine armoured, flying
A: devouring maw, reduced hp, demonic guardian 1, sanguine armour 2, demonic
touch 2
a: Begin Untransformation, Renounce Religion


You were on level 6 of the Dungeon.
You worshipped Ru.
Ru was noncommittal.
You were a creature with a mouth for a stomach.
You visited 2 branches of the dungeon, and saw 7 of its levels.
You also visited: Sewer and Ossuary.

You collected 271 gold pieces.


Innate Abilities, Weirdness & Mutations

You are a creature with a mouth for a stomach.
Your midsection houses a second, enormous mouth.
Your maximum health is decreased, since you lack skill for your form.
A weak demonic guardian rushes to your aid.
When seriously injured, your blood forms thick armour. (AC +9)
Your touch may inflict irresistible damage on your foes.


   Skills:
 + Level 7.8 Fighting
 - Level 1.7 Dodging
 + Level 7.6 Unarmed Combat
 * Level 9.8 Shapeshifting


You had 8 spell levels left.
You didn't know any spells.
Your spell library contained the following spells:

 Spells                   Type           Power      Damage    Failure   Level
 Apportation              Tloc           0%         N/A       34%         1
 Necrotise                Necr           0%         1d4       34%         1
 Sting                    Conj/Alch      0%         1d3       34%         1
 Summon Small Mammal      Summ           0%         N/A       34%         1
 Mercury Vapours          Alch/Air       0%         N/A       47%         2
 Mephitic Cloud           Conj/Alch/Air  0%         N/A       71%         3
 Freezing Cloud           Conj/Ice/Air   0%         6-21      100%        5

Inventory:

Missiles
 e - 68 stones (quivered)
 i - 3 boomerangs
 o - 7 poisoned darts
Armour
 a - a +0 animal skin (melded)
 j - a +2 pair of boots of flying (worn)
   (You found it on level 2 of the Dungeon)
 m - a scarf of repulsion (worn)
   (You found it on level 2 of the Dungeon)
Talismans
 c - a beast talisman
 d - a flux talisman
 k - a maw talisman (active)
   (You found it on level 5 of the Dungeon)
Scrolls
 h - a scroll of vulnerability {!r!r}
 n - a scroll of immolation {unknown}
Potions
 b - 3 potions of lignification {!q}
 f - 2 potions of curing {@q1}
 g - 2 potions of enlightenment
 l - a potion of attraction {!q}
 q - 2 potions of haste {unknown}
 s - a potion of degeneration {!q}

Dungeon Overview and Level Annotations

Branches:
Dungeon (6/15) Zot: 26951  Temple (1/1) D:5 Zot: 5954   Sewer (visited)
Ossuary (visited)

Altars:
Ashenzari
Cheibriados
Dithmenos
Fedhas
Gozag
Hepliaklqana
Kikubaaqudgha
Makhleb
Nemelex Xobeh
Okawaru
Qazlal
Ru
Sif Muna
Trog
Uskayaw
Vehumet
Wu Jian
Xom
Yredelemnul

Annotations:
D:2 Terence

#...#...#.. #..
#...#...#...#...#
..#...#...#...#..
#...#...#...#...#
# ..#...#...#...#.
..#...#...#(..#..#
#..#...#...#......
#.$..#ooo#..######
.#.W#..#.#
#.oo##)..(.#
#..5<#.....#
######.....#
.....# .....#
.....# ##.###


You could see an orc warrior, an orc priest (ally target), 3 orcs and a friendly
shadow imp (summoned).


Message History

The hound bites you but does no damage. The hound misses you.
You closely miss the hound. Your touch misses the hound.
Your bite misses the hound. The hound bites you.
You hit the hound but do no damage. The hound bites you. 😕 HP[-4]
You take 4 damage, and now have 63/72 hp.
You barely miss the hound.
You touch the hound!
You kill the hound!
The orc priest hits you from afar with a +0 trident!
Something barely misses you.
An orc comes into view. It is wielding a +0 club.
The orc closely misses you. The orc priest barely misses you.
Something hits you but does no damage. 😕 HP[-6]
You take 6 damage, and now have 57/72 hp.
The orc shouts!
You hit the orc priest but do no damage.
Your bite misses the orc priest. The orc closely misses you.
The orc priest mumbles some strange prayers to Beogh against you.
Pain shoots through your body!
You barely miss the orc priest.
You touch the orc priest!
Your bite misses the orc priest. Something hits you but does no damage.
The orc hits you with a +1 hand axe of venom!
Your blood congeals into armour.
You are poisoned. 😮 HP[-10]
You take 10 damage, and now have 47/72 hp.
You feel very sick.
The orc warrior hits you with a +0 dire flail.
The orc priest closely misses you. 😮 HP[-6]
You take 6 damage, and now have 41/72 hp.
You barely miss something.
You feel sick. Something hits you.
The orc warrior hits you with a +0 dire flail!
* * * LOW HITPOINT WARNING * * *
The orc priest calls down the wrath of Beogh upon you.
Pain shoots through your body!
* * * LOW HITPOINT WARNING * * *
The orc closely misses you. 😨 HP[-22]
You take 22 damage, and now have 19/72 hp.
MASSIVE DAMAGE!! (PAUSE)
You closely miss something. Your punch misses something.
Your bite misses something.
You feel sick. Something hits you.
* * * LOW HITPOINT WARNING * * *
A demonic guardian appears!
The orc warrior hits you with a +0 dire flail!
* * * LOW HITPOINT WARNING * * *
The orc priest hits you with a +0 trident.
* * * LOW HITPOINT WARNING * * *
The orc hits you but does no damage. 😱 HP[-14]
You take 14 damage, and now have 5/72 hp.
You feel much better.
You feel sick. Something hits you.
* * * LOW HITPOINT WARNING * * *
The orc warrior closely misses you.
The orc priest looks encouraged for a moment.
The orc closely misses you.
Your shadow imp hits the orc priest but does no damage. 😨 HP[+17]
You regained 17 hp, and now have 22/72 hp.
Okay, then.
Unknown command.
You punch something! Your touch misses something. Your punch misses something.
You bite something.
You feel sick. Something hits you but does no damage.
The orc warrior completely misses you.
The orc priest hits you but does no damage.
The orc completely misses you.
Unknown command.
You hit something.
You feel sick.
Your shadow imp closely misses the orc priest.
Something hits you but does no damage. The orc warrior barely misses you.
The orc priest hits you with a +0 trident.
* * * LOW HITPOINT WARNING * * *
😨 HP[-3]
You take 3 damage, and now have 19/72 hp.
Unknown command.
You miss something. Your bite misses something.
You feel sick. The orc closely misses you.
Your shadow imp barely misses the orc priest.
Something completely misses you.
The orc warrior hits you with a +0 dire flail!
* * * LOW HITPOINT WARNING * * *
😱 HP[-10]
You take 10 damage, and now have 9/72 hp.
Unknown command.
You hit something. You bite something.
You feel sick.
The orc priest hits you but does no damage.
The orc closely misses you.
Your shadow imp misses the orc priest.
Something hits you but does no damage. 😱 HP[-1]
You take 1 damage, and now have 8/72 hp.
Unknown command.
You barely miss something. Your touch misses something. You bite something.
You devour something!
It tastes like orc.
You feel better.
Reactivating autopickup.
You feel a bit more experienced.
You feel sick.
The orc warrior hits you with a +0 dire flail!
You die...
Ru respects your ultimate sacrifice.

Skill      XL: |  1  2  3  4  5  6  7 |
---------------+----------------------+-----
Shapeshifting  | 3 4 5 9 |  9.8
Unarmed Combat | 3 4 7 |  7.6
Fighting       | 2 3 7 |  7.8
Dodging        | |  1.7

Action                     |  1- 3 |  4- 6 |  7- 9 || total
---------------------------+-------+-------+-------++-------
  Melee: Unarmed           |    99 |    87 |   194 ||   380
         Touch             |    13 |    23 |    50 ||    86
         Punch             |     2 |       |     1 ||     3
         Maw               |       |       |     8 ||     8
    Use: Scroll            |     1 |     4 |    10 ||    15
         Potion            |       |       |     4 ||     4
   Stab: Sleeping          |     1 |       |     1 ||     2
 Armour: Animal skin       |    45 |       |       ||    45
         Skin              |     8 |    38 |    99 ||   145
  Dodge: Dodged            |    56 |    54 |   151 ||   261
         Repelled          |       |       |     1 ||     1
   Form: Flux              |     1 |       |       ||     1
         Maw               |       |       |     1 ||     1

Levels and vault maps discovered:
D:1:      arrival_aquarium_b, layout_loops_ring, serial_bayou,
          serial_bayou_lagoon_b, serial_bayou_lake_a, serial_bayou_pond_e,
          serial_bayou_crossing, minmay_misc_feat_secret_circle,
          chequers_serial_rivers_micro_c
D:2:      layout_rooms, serial_bayou_ford_a, uniq_terence
D:3:      layout_rooms, mainiacjoe_sewer_entry_somewhere_in_here_1, uniq_natasha
D:4:      layout_loops_ring, mainiacjoe_overflow_catwalk
D:5:      layout_basic, minmay_temple_entry_crystal_x, enter_ossuary_5
D:6:      layout_basic, hex_large, chequers_serial_rivers_micro_d
Temple:   mainiacjoe_temple_big_plus

Notes
Turn   | Place    | Note
-------+----------+-------------------------------------------
     0 | D:1      | kae the Demonspawn Shapeshifter began the quest for the
                  | Orb.
     0 | D:1      | Reached XP level 1. HP: 15/15 MP: 1/1
     0 | D:1      | magus.rc [v1.11.3]
     3 | D:1      | Noticed an electric eel
     4 | D:1      | Noticed an electric eel
    59 | D:1      | Gained mutation: Your touch may inflict minor irresistible
                  | damage on your foes. [demonic ancestry]
    59 | D:1      | Reached XP level 2. HP: 12/21 MP: 2/2
   150 | D:1      | Reached skill level 3 in Shapeshifting
   674 | D:1      | Reached skill level 3 in Unarmed Combat
   867 | D:2      | Reached XP level 3. HP: 17/26 MP: 3/3
   917 | D:2      | Noticed Terence
   988 | D:2      | HP: 6/27 [poisoned by an adder]
  1232 | D:2      | Reached skill level 2 in Fighting
  1319 | D:2      | Gained mutation: A weak demonic guardian rushes to your
                  | aid. [demonic ancestry]
  1319 | D:2      | Reached XP level 4. HP: 18/33 MP: 4/4
  1651 | D:3      | Noticed Natasha
  1657 | D:3      | HP: 1/21 [Natasha (7)]
  1658 | D:3      | Killed Natasha
  1832 | D:3      | You pick up a book of Vapours and begin reading...
  1832 | D:3      | You add the spells Mercury Vapours, Mephitic Cloud and
                  | Freezing Cloud to your library.
  1995 | D:3      | Found a glowing drain.
  2016 | Sewer    | Entered a sewer
  2054 | Sewer    | Noticed Pargi
  2065 | Sewer    | Killed Pargi
  2066 | Sewer    | Reached skill level 4 in Shapeshifting
  2066 | Sewer    | Gained mutation: Your touch may inflict irresistible damage
                  | on your foes. [demonic ancestry]
  2066 | Sewer    | Reached XP level 5. HP: 20/40 MP: 5/5
  2138 | Sewer    | Reached skill level 3 in Fighting
  2138 | Sewer    | Gained mutation: When seriously injured, your blood forms
                  | armour. (AC +9) [demonic ancestry]
  2138 | Sewer    | Reached XP level 6. HP: 28/47 MP: 6/6
  2186 | Sewer    | Reached skill level 4 in Unarmed Combat
  2299 | D:3      | Noticed Natasha
  2305 | D:3      | Killed Natasha
  2365 | D:3      | Noticed Natasha
  2368 | D:3      | Killed Natasha
  2650 | D:4      | Reached skill level 5 in Shapeshifting
  2691 | D:4      | Reached XP level 7. HP: 12/52 MP: 7/7
  2884 | D:4      | Found a basalt altar of Yredelemnul.
  3455 | D:4      | Reached skill level 4 in Fighting
  3556 | D:4      | Identified a potion of experience
  3558 | D:4      | Reached skill level 7 in Fighting
  3558 | D:4      | Reached skill level 7 in Unarmed Combat
  3558 | D:4      | Reached skill level 9 in Shapeshifting
  3558 | D:4      | Reached XP level 8. HP: 67/67 MP: 8/8
  3585 | D:5      | Entered Level 5 of the Dungeon
  3960 | D:5      | Found a sand-covered staircase.
  3965 | Ossuary  | Entered an ossuary
  4018 | Ossuary  | Gained mutation: When seriously injured, your blood forms
                  | thick armour. (AC +9) [demonic ancestry]
  4018 | Ossuary  | Reached XP level 9. HP: 59/73 MP: 9/9
  4426 | D:5      | You pick up a book of Cantrips and begin reading...
  4426 | D:5      | You add the spells Sting, Necrotise, Summon Small Mammal
                  | and Apportation to your library.
  4483 | D:5      | Found a staircase to the Ecumenical Temple.
  4568 | Temple   | Entered the Ecumenical Temple
  4591 | Temple   | Became a worshipper of Ru the Awakened
  4684 | D:6      | HP: 17/72 [poisoned by an orc]
  4684 | D:6      | HP: 6/72 [orc warrior/+0 dire flail (8)]
  4689 | D:6      | HP: 8/72 [poisoned by an orc]
  4690 | D:6      | Slain by an orc warrior

Vanquished Creatures
  A wyvern (D:5)
  Pargi (Sewer)
  A black bear (D:5)
  2 ogres (D:4)
  A kobold brigand (Sewer)
  A phantom (D:5)
  A brain worm (Sewer)
  2 elf zombies (Ossuary)
  2 scorpions (Ossuary)
  2 bombardier beetles (D:5)
  A gnoll bouda (D:5)
  An orc priest (D:4)
  4 hounds
  4 scorpion zombies (Ossuary)
  A sleepcap (D:5)
  4 iguanas
  Natasha (twice) (D:3)
  2 orc wizards (D:6)
  3 mummies (Ossuary)
  6 gnolls (D:5)
  6 adders
  A white imp (D:5)
  2 adder zombies (Ossuary)
  A dart slug (D:2)
  2 ribbon worms (D:2)
  9 orcs
  5 endoplasms
  6 giant cockroaches
  6 goblins
  8 hobgoblins
  2 jackals (D:4)
  3 quokkas
  7 ball pythons
  5 bats
  10 frilled lizards
  4 gnoll zombies (Ossuary)
  2 jackal zombies (Ossuary)
  7 kobolds
  2 kobold zombies (Ossuary)
  5 rats
135 creatures vanquished.

Vanquished Creatures (collateral kills)
  Natasha (D:3)
  An adder zombie (Ossuary)
  A hobgoblin (D:4)
3 creatures vanquished.

Grand Total: 138 creatures vanquished

Table legend:
 A = Non-vault XP
 B = Vault XP
 C = Vault XP percentage of total XP
 D = Non-vault monster count
 E = Vault monster count
 F = Vault count percentage of total count
                 A         B        C        D         E       F
            +---------+---------+-------+---------+---------+-------
      Total |    1633 |     958 |  37.0 |     101 |      37 |  26.8
            +---------+---------+-------+---------+---------+-------
        D:1 |      40 |       0 |   0.0 |      25 |       0 |   0.0
        D:2 |      75 |       0 |   0.0 |      21 |       0 |   0.0
        D:3 |      99 |      43 |  30.3 |      10 |       7 |  41.2
        D:4 |     376 |       0 |   0.0 |      18 |       0 |   0.0
        D:5 |     916 |       0 |   0.0 |      20 |       0 |   0.0
        D:6 |     127 |       0 |   0.0 |       7 |       0 |   0.0
      Sewer |       0 |     339 | 100.0 |       0 |       8 | 100.0
    Ossuary |       0 |     576 | 100.0 |       0 |      22 | 100.0
            +---------+---------+-------+---------+---------+-------

Skill      XL: |  1  2  3  4  5  6  7 |
---------------+----------------------+-----
Shapeshifting  | 3 4 5 9 |  9.8
Unarmed Combat | 3 4 7 |  7.6
Fighting       | 2 3 7 |  7.8
Dodging        | |  1.7

Action                     |  1- 3 |  4- 6 |  7- 9 || total
---------------------------+-------+-------+-------++-------
  Melee: Unarmed           |    99 |    87 |   194 ||   380
         Touch             |    13 |    23 |    50 ||    86
         Punch             |     2 |       |     1 ||     3
         Maw               |       |       |     8 ||     8
    Use: Scroll            |     1 |     4 |    10 ||    15
         Potion            |       |       |     4 ||     4
   Stab: Sleeping          |     1 |       |     1 ||     2
 Armour: Animal skin       |    45 |       |       ||    45
         Skin              |     8 |    38 |    99 ||   145
  Dodge: Dodged            |    56 |    54 |   151 ||   261
         Repelled          |       |       |     1 ||     1
   Form: Flux              |     1 |       |       ||     1
         Maw               |       |       |     1 ||     1

Illustrated notes

Table legend:
 A = Kills in this place as a percentage of kills in the entire game.
 B = Kills by you in this place as a percentage of kills by you in the entire game.
 C = Kills by friends in this place as a percentage of kills by friends in the entire game.
 D = Other kills in this place as a percentage of other kills in the entire game.
 E = Experience gained in this place as a percentage of experience gained in the entire game.
 F = Experience gained in this place divided by the number of levels of this place that you have seen.
                   A       B       C       D       E      F
               +-------+-------+-------+-------+-------+----------------------
         Total | 100.0 | 100.0 | 100.0 |   N/A | 100.0 | 287.9
       Dungeon |  78.3 |  78.5 |  66.7 |   N/A |  64.7 | 279.3
         Sewer |   5.8 |   5.9 |   0.0 |   N/A |  13.1 | 339.0
       Ossuary |  15.9 |  15.6 |  33.3 |   N/A |  22.2 | 576.0
               +-------+-------+-------+-------+-------+----------------------

Table legend: (Time is in decaauts)
 A = Elapsed time spent in this place.
 B = Non-inter-level travel time spent in this place.
 C = Inter-level travel time spent in this place.
 D = Time resting spent in this place.
 E = Time spent auto-exploring this place.
 F = Levels seen in this place.
 G = Mean time per level.
                   A        B        C        D        E       F      G
               +--------+--------+--------+--------+--------+-----+--------+
         Total |   4707 |   4535 |    172 |    156 |   3426 |   9 |  523.0 |
       Dungeon |   3992 |   3864 |    128 |    153 |   2981 |   6 |  665.3 |
        Temple |     45 |      1 |     44 |      0 |      0 |   1 |   45.0 |
         Sewer |    245 |    245 |      0 |      0 |    166 |   1 |  245.0 |
       Ossuary |    423 |    423 |      0 |      3 |    279 |   1 |  423.0 |
               +--------+--------+--------+--------+--------+-----+--------+

Top non-repeatable levels by time:
     D:1: 978 daAuts
     D:4: 946 daAuts
     D:3: 776 daAuts
     D:2: 676 daAuts
     D:5: 567 daAuts
 Ossuary: 423 daAuts
   Sewer: 245 daAuts
     D:6: 47 daAuts
  Temple: 45 daAuts
